 Dungeon Crawl Stone Soup version 0.27.0-1-g7a08968 (webtiles) character file.

Game seed: 4633304452290428369

36 DreamSheep the Skirmisher (level 3, 0/40 HPs)
             Began as an Ogre Berserker on Aug 15, 2021.
             Was a Follower of Trog.
             Slain by a bat (1 damage)
             ... on level 2 of the Dungeon.
             The game lasted 00:02:59 (1248 turns).

DreamSheep the Skirmisher (Ogre Berserker)          Turns: 1248, Time: 00:03:00

Health: 0/40       AC:  3    Str: 22    XL:     3   Next: 37%
Magic:  3/3        EV: 10    Int:  8    God:    Trog [*.....]
Gold:   47         SH:  0    Dex:  8    Spells: 2/2 levels left

rFire    . . .     SeeInvis .   i - +2 whip (elec)
rCold    . . .     Faith    .   (no shield)
rNeg     . . .     Spirit   .   b - +0 animal skin
rPois    .         Reflect  .   (helmet restricted)
rElec    .         Harm     .   (no cloak)
rCorr    .         Rampage  .   (gloves unavailable)
Will     .....                  (boots unavailable)
Stlth    +.........             (no amulet)
HPRegen  0.13/turn              (no ring)
MPRegen  0.08/turn              (no ring)

@: no status effects
A: large, unfitting armour, tough skin 1
a: Renounce Religion, Berserk


You were on level 2 of the Dungeon.
You worshipped Trog.
Trog was aware of your devotion.
You visited 1 branch of the dungeon, and saw 2 of its levels.

You collected 47 gold pieces.

Inventory:

Hand Weapons
 a - a +0 hand axe
 i - a +2 whip of electrocution (weapon)
Armour
 b - a +0 animal skin (worn)
Scrolls
 d - 2 scrolls of identify {unknown}
 g - a scroll of amnesia {unknown}
Potions
 c - a potion of ambrosia {unknown}
 e - a potion of cancellation {unknown}
 f - a potion of curing {unknown}
 h - a potion of heal wounds {unknown}


   Skills:
 + Level 4.6 Fighting
 + Level 3.6 Axes
 + Level 3.1 Dodging


You had 2 spell levels left.
You didn't know any spells.
Your spell library was empty.

Dungeon Overview and Level Annotations

Branches:
Dungeon (2/15)

Altars:

Shops:
D:1 *


Innate Abilities, Weirdness & Mutations

You are too large for most types of armour.
You have tough skin. (AC +1)


Message History

You closely miss the orc. The orc barely misses you. The orc misses you.
The orc barely misses you.
You barely miss the orc. The orc hits you with a +0 hand axe.
The orc closely misses you. The orc hits you with a +0 short sword.
You closely miss the orc. The orc closely misses you.
The orc hits you with a +0 short sword. The orc hits you with a +0 war axe.
* * * LOW HITPOINT WARNING * * *
You are too injured to fight recklessly!
You are too injured to fight recklessly!
You are too injured to fight recklessly!
You are too injured to fight recklessly!
You are too injured to fight recklessly!
You are too injured to fight recklessly!
You are too injured to fight recklessly!
You are too injured to fight recklessly!
You are too injured to fight recklessly!
You are too injured to fight recklessly!
You are too injured to fight recklessly!
The orc barely misses you.
A bat comes into view.
The bat closely misses you. The orc hits you with a +0 hand axe.
* * * LOW HITPOINT WARNING * * *
You hit the orc but do no damage. The bat hits you but does no damage.
You hit the orc.
The orc is lightly wounded.
The bat hits you but does no damage.
You hit the orc but do no damage.
The orc is lightly wounded.
The bat misses you.
You barely miss the orc. The bat hits you but does no damage.
The orc completely misses you. The orc barely misses you.
You whack the orc!
You kill the orc!
Trog accepts your kill. The bat hits you but does no damage.
The orc hits you with a +0 war axe!
* * * LOW HITPOINT WARNING * * *
You closely miss the orc.
The orc is lightly wounded.
The bat hits you.
You die...

##.#...#
##############...#...#
......................
.........###...#.....
########†###.###..##.# #
#.......#...[...... #
#.###...##....##.# #
#...##.†##...b#
######.....##..o@#
....)...##†##.##o#
#######.#..†..##.#######
........#'#.####........
######.......# #........
#........#.# #........
#........#.# #........
#....#####.. #........
...... #.##........


You could see 2 orcs and a bat.

Vanquished Creatures
  A worm (D:2)
  2 orcs (D:2)
  4 endoplasms
  2 giant cockroaches (D:1)
  4 goblins
  2 hobgoblins (D:1)
  4 jackals (D:2)
  A quokka (D:2)
  A ball python (D:1)
  A frilled lizard (D:1)
  4 kobolds (D:1)
26 creatures vanquished.

Notes
Turn   | Place    | Note
-------+----------+-------------------------------------------
     0 | D:1      | DreamSheep the Ogre Berserker began the quest for the Orb.
     0 | D:1      | Reached XP level 1. HP: 24/24 MP: 1/1
   181 | D:1      | Reached XP level 2. HP: 26/32 MP: 2/2
   297 | D:1      | Found Ruadapux's General Store.
  1104 | D:2      | Reached XP level 3. HP: 40/40 MP: 3/3
  1247 | D:2      | HP: 1/40 [orc (7)]
  1248 | D:2      | Slain by a bat

Illustrated notes

Levels and vault maps discovered:
D:1:      kennysheep_arrival_seaside, layout_rooms, serial_shops,
          nicolae_shop_statue_plus, minmay_tetromino_i2
D:2:      layout_basic, chequers_ecumenical_altar_grove

Skill      XL: |  1  2  3 |
---------------+----------+-----
Dodging        | 3 |  3.1
Fighting       | |  4.6
Axes           | |  3.6

Action                   || total
-------------------------++-------
Melee: Hand axe          ||    34
       Whip              ||    30
Invok: Berserk           ||     4
Armor: Animal skin       ||    21
Dodge: Dodged            ||    48
